[Event "*** MasterClass Titled Tuesday Blitz"]
[Site "Chess.com"]
[Date "2017.11.07"]
[Round "9"]
[White "tango_argentino"]
[Black "yurisolo"]
[Result "0-1"]
[WhiteElo "2503"]
[BlackElo "2623"]
[TimeControl "180+2"]
[EndTime "16:05:28 PST"]
[Termination "yurisolo won by checkmate"]

1. e4 c5 2. a3 g6 3. b4 Bg7 4. Nc3 d6 5. g3 Nc6 6. Bg2 cxb4 7.
axb4 Nxb4 8. Nge2 Nf6 9. O-O O-O 10. d4 a5 11. d5 b6 12. Be3 Ba6 13. Bd4 Rc8 14. Qd2 Bxe2 15. Qxe2 Nfxd5 16. Bxg7 Nxc3 17. Bxc3 Rxc3 18. e5 Rxc2 19. Qe4 d5 20. Qh4 e6 21. Qh6 Qc7 22. Rae1 Nd3 23. Re3 Nxe5 24. Qf4 f6 25.
Bh3 Kg7 26. Bxe6 Rc4 27. Re4 Rxe4 28. Qd2 Nf3+ 29. Kh1 Nxd2 30. Bh3 Nxf1 31. Bxf1 Re1 32. Kg1 Qc4 33. Kg2 Qxf1+ 34. Kf3 Re2 35. Kg4 Qxf2 36. h4 Qf5# 0-1

[Event "*** MasterClass Titled Tuesday Blitz"]
[Site "Chess.com"]
[Date "2017.11.07"]
[Round "9"]
[White "chessking2151"]
[Black "Vamostodorecto"]
[Result "1-0"]
[WhiteElo "2388"]
[BlackElo "2288"]
[TimeControl "180+2"]
[EndTime "16:05:29 PST"]
[Termination "chessking2151 won by resignation"]

1. e4 e6 2. d4 d5 3. Nd2 Nf6 4. e5 Nfd7 5. f4 c5 6. Ngf3 Nc6 7. c3 cxd4 8. cxd4 Qb6 9. Nb3 Bb4+ 10. Bd2 a5 11. Bxb4 Qxb4+ 12. Qd2 Qb6 13. Rc1 a4 14. Nc5 a3 15. b3 O-O 16. Na4 Qb4 17. Be2 Qxd2+ 18.
Kxd2 Nb4 19. Rc7 Nxa2 20. Ra1 Nb4 21. Rxa3 Nb6 22. Bb5 Nxa4 23. Rxa4 Na6 24. Bxa6 bxa6 25. Rb4 a5 26. Ra4 h6 27. Rc5 Rb8 28. Kc3 Ba6 29.
Raxa5 Bf1 30. g3 Bg2 31. Nd2 Rb7 32. b4 Rfb8 33. b5 g5 34. Kb4 Kg7 35. Rc6 Kg6 36. Kc5 gxf4 37. gxf4 Kf5 38. b6 Kxf4 39. Ra7 h5 40.
Rxb7 Rxb7 41. Rc7 Rb8 42. b7 Ke3 43. Nb3 Bf1 44. Kb6 Bc4 45. Nc5 Kxd4 46. Rxf7 Kxe5 47.
Nd7+ 1-0

[Event "*** MasterClass Titled Tuesday Blitz"]
[Site "Chess.com"]
[Date "2017.11.07"]
[Round "9"]
[White "PrinceMurad09"]
[Black "AndrewMcStone"]
[Result "1-0"]
[WhiteElo "2248"]
[BlackElo "2087"]
[TimeControl "180+2"]
[EndTime "16:05:33 PST"]
[Termination "PrinceMurad09 won by resignation"]

1. e4 Nc6 2. d4 d5 3. e5 Bf5 4. c3 e6 5. Bf4 Qd7 6. Nd2 Nge7 7.
h4 f6 8. exf6 gxf6 9. Ngf3 Ng6 10. Bg3 h5 11. Bb5 O-O-O 12. Qa4 Kb8 13. O-O-O Bd6 14.
Bxc6 Qxc6 15. Qxc6 bxc6 16. Bxd6 cxd6 17. g3 e5 18. b4 Bg4 19. Rde1 Rhe8 20. Kc2 Bf5+ 21. Kb3 Re7 22. Re3 Rde8 23. Rhe1 Rc7 24. c4 dxc4+ 25. Nxc4 Be6 26. Kc3 Bxc4 27. Kxc4 Ne7 28. dxe5 fxe5 29. Ng5 Nd5 30. R3e2 Rb7 31. a3 Kc7 32. f4 a5 33. fxe5 axb4 34. exd6+ Kxd6 35. Rxe8 bxa3 36. Ra1 Rb4+ 37. Kd3 Rb3+ 38. Kc2 Rxg3 39. Ne4+ Kd7 40. Nxg3 Kxe8 41. Rxa3 1-0

[Event "*** MasterClass Titled Tuesday Blitz"]
[Site "Chess.com"]
[Date "2017.11.07"]
[Round "9"]
[White "Zufi1811"]
[Black "Krasimir_Rusev"]
[Result "0-1"]
[WhiteElo "2429"]
[BlackElo "2576"]
[TimeControl "180+2"]
[EndTime "16:05:55 PST"]
[Termination "Krasimir_Rusev won on time"]

1. e4 d6 2. d4 Nf6 3. Nc3 e5 4. Nf3 exd4 5. Nxd4 Be7 6. Be2 O-O 7. O-O Re8 8. Re1 Bf8 9. Bf1 c6 10. a4 a5 11. h3 Nbd7 12. g4 Nc5 13. Bg2 g6 14.
g5 Nh5 15. f4 Ne6 16. Nxe6 Bxe6 17. f5 Bc4 18. Bf3 Ng7 19. f6 Ne6 20. h4 d5 21.
b3 Bb4 22. Bd2 Ba6 23. exd5 Nd4 24. Bg2 Qb6 25. Kh1 Bxc3 26. Bxc3 Ne2 27. Rxe2 Rxe2 28.
d6 Qf2 29. Qf1 Qxh4+ 30. Kg1 Rxc2 31. d7 Bxf1 0-1

[Event "*** MasterClass Titled Tuesday Blitz"]
[Site "Chess.com"]
[Date "2017.11.07"]
[Round "9"]
[White "KamilPlichta"]
[Black "bugsbunny444"]
[Result "1-0"]
[WhiteElo "2569"]
[BlackElo "2421"]
[TimeControl "180+2"]
[EndTime "16:06:11 PST"]
[Termination "KamilPlichta won by resignation"]

1. c4 b6 2. Nc3 Bb7 3. e4 e6 4. Nf3 Nf6 5. Bd3 c5 6. Bc2 Nc6 7. O-O Bd6 8. d4 cxd4 9. Nb5 Bc5 10. Bg5 h6 11. Bh4 a6 12. Nbxd4 Nxd4 13. Nxd4 g5 14. Bg3 Nxe4 15. Be5 f6 16. Bg3 O-O 17. Qh5 Kg7 18. Nb3 Qe8 19. Qxe8 Rfxe8 20. Rfd1 Re7 21. Bxe4 Bxe4 22. Nxc5 bxc5 23. Bd6 Rf7 24. Bxc5 Rc8 25. b4 a5 26. a3 d5 27. cxd5 Bxd5 28. f3 h5 29.
Rac1 a4 30. Kf2 g4 31. Rd4 f5 32. f4 Rb7 33. Rxd5 1-0

[Event "*** MasterClass Titled Tuesday Blitz"]
[Site "Chess.com"]
[Date "2017.11.07"]
[Round "9"]
[White "wonderfultime"]
[Black "michaelq2d5"]
[Result "1-0"]
[WhiteElo "2766"]
[BlackElo "2641"]
[TimeControl "180+2"]
[EndTime "16:06:21 PST"]
[Termination "wonderfultime won by resignation"]

1. d4 Nf6 2. Bf4 d5 3. e3 c5 4. c3 Nc6 5. Nd2 Qb6 6. Qb3 c4 7. Qc2 Nh5 8. Bg3 Nxg3 9. hxg3 g6 10. e4 e6 11. Ngf3 Bd7 12. Be2 Bg7 13. e5 f6 14.
Rxh7 Rxh7 15. Qxg6+ Kf8 16. Qxh7 fxe5 17. Ng5 Qd8 18.
Qg6 Qe7 19. O-O-O Nd8 20. Rh1 Nf7 21. Ndf3 e4 22. Rh7 Nxg5 23. Nxg5 Qf6 24. Qxf6+ Bxf6 25. Rf7+ Ke8 26. Rxf6 Ke7 27. Rf7+ Kd6 28. Rh7 Bc6 29. Nf7+ Kc7 30. Ne5+ Kd6 31. g4 Rf8 32. f3 e3 33.
g5 Rg8 34. f4 b5 35. Rxa7 Rh8 1-0

[Event "*** MasterClass Titled Tuesday Blitz"]
[Site "Chess.com"]
[Date "2017.11.07"]
[Round "9"]
[White "AbdAlAgathos"]
[Black "MartinZumsande"]
[Result "0-1"]
[WhiteElo "2220"]
[BlackElo "2432"]
[TimeControl "180+2"]
[EndTime "16:06:22 PST"]
[Termination "MartinZumsande won by resignation"]

1. e4 e6 2. d4 d5 3. Nd2 Nf6 4. e5 Nfd7 5. c3 c5 6. Bd3 b6 7. Ne2 Ba6 8. Bxa6 Nxa6 9. O-O Nc7 10. f4 f5 11. exf6 Nxf6 12. f5 Bd6 13. fxe6 Nxe6 14.
Nf3 O-O 15. Kh1 c4 16. Ne5 Qc7 17. Nf4 Rae8 18. Nxe6 Rxe6 19. Bf4 Ne4 20. Qg4 Ref6 21. g3 b5 22. Rae1 a5 23. Kg2 b4 24. Qh5 bxc3 25. bxc3 Bxe5 26. dxe5 Rf5 27. e6 Qxf4 28. Qf7+ R5xf7 29. exf7+ Qxf7 30. Rxf7 Kxf7 31. Re3 Ke6 0-1

[Event "*** MasterClass Titled Tuesday Blitz"]
[Site "Chess.com"]
[Date "2017.11.07"]
[Round "9"]
[White "Genghis_K"]
[Black "igorkovalenko"]
[Result "1-0"]
[WhiteElo "2679"]
[BlackElo "2771"]
[TimeControl "180+2"]
[EndTime "16:06:23 PST"]
[Termination "Genghis_K won on time"]

1. e4 e6 2. d4 d5 3. Nc3 Bb4 4. exd5 exd5 5. Bd3 Nc6 6. Ne2 Nge7 7. O-O Bf5 8. a3 Ba5 9. Bf4 O-O 10. h3 Qd7 11. Bg3 Rae8 12. Na4 Bb6 13. Nc5 Bxc5 14. dxc5 Bxd3 15.
Qxd3 Nf5 16. Bf4 Re4 17. Bh2 Rfe8 18. Nc3 Rd4 19. Qb5 Rb8 20. Rad1 a6 21. Qe2 Re8 22. Qf3 Rxd1 23. Rxd1 d4 24. Nd5 Nh4 25. Qh5 d3 26.
Ne3 Ng6 27. Rxd3 Qe7 28. b4 Qe6 29. Bg3 Nge5 30. Rd1 Nc4 31. Nd5 Rd8 32. Nxc7 Rxd1+ 33. Qxd1 1-0

[Event "*** MasterClass Titled Tuesday Blitz"]
[Site "Chess.com"]
[Date "2017.11.07"]
[Round "9"]
[White "northridgehawk"]
[Black "AllStarShark"]
[Result "1/2-1/2"]
[WhiteElo "1948"]
[BlackElo "2241"]
[TimeControl "180+2"]
[EndTime "16:06:41 PST"]
[Termination "Game drawn by repetition"]

1. d4 d5 2. c4 dxc4 3. e3 e5 4. Nf3 exd4 5. exd4 Bd6 6. Bxc4 Nf6 7. O-O O-O 8. Nc3 Nc6 9. a3 Bg4 10. h3 Bxf3 11. Qxf3 Nxd4 12. Qxb7 Rb8 13. Qa6 Rb6 14. Qxa7 Ng4 15. Ne4 Qh4 16. Nxd6 Rxd6 17. Bf4 Nf3+ 18. gxf3 Qxh3 19. fxg4 Qxg4+ 20. Bg3 Rh6 21. Rac1 Qf3 22. Bh2 Rg6+ 23. Bg3 Rh6 24. Bh2 Rg6+ 25. Bg3 Rxg3+ 26.
fxg3 Qxg3+ 27. Kh1 Qh3+ 28. Kg1 Qg3+ 29. Kh1 Qh3+ 30.
Kg1 Qg3+ 1/2-1/2

[Event "*** MasterClass Titled Tuesday Blitz"]
[Site "Chess.com"]
[Date "2017.11.07"]
[Round "9"]
[White "VerdeNotte"]
[Black "champ2005"]
[Result "1-0"]
[WhiteElo "2657"]
[BlackElo "2441"]
[TimeControl "180+2"]
[EndTime "16:06:49 PST"]
[Termination "VerdeNotte won by resignation"]

1. a3 g6 2. e4 Bg7 3. d4 d6 4. Nc3 Nf6 5. Nf3 O-O 6. Be3 e5 7. dxe5 dxe5 8. Qxd8 Rxd8 9. Bc4 Nc6 10. Ng5 Rf8 11. Bc5 h6 12. Bxf8 hxg5 13. Bxg7 Kxg7 14. O-O-O Nd4 15. Ne2 Nxe2+ 16. Bxe2 Nxe4 17. Rd8 Nxf2 18. Rf1 Ne4 19. Re8 Nd6 20. Rxe5 Bf5 21. g4 Be6 22.
Rxg5 Rh8 23. Rh1 Ne4 24. Re5 Nf2 25. Rg1 Rxh2 26. Bf3 c6 27. Re2 Bd5 28. Bxd5 cxd5 29. Rd2 f6 30. Rxd5 Nh3 31. Re1 Rg2 32. Rd7+ Kh6 33.
Rh1 Rg1+ 34. Rxg1 Nxg1 35. Rxb7 Kg5 36. Rxa7 Kxg4 37. a4 f5 38. a5 Nf3 39. a6 Nd4 40.
Rg7 Nb5 41. c4 1-0

[Event "*** MasterClass Titled Tuesday Blitz"]
[Site "Chess.com"]
[Date "2017.11.07"]
[Round "9"]
[White "TijanaBlagojevic"]
[Black "VladDobrov"]
[Result "0-1"]
[WhiteElo "2259"]
[BlackElo "2653"]
[TimeControl "180+2"]
[EndTime "16:06:51 PST"]
[Termination "VladDobrov won by resignation"]

1. e4 c5 2. Nf3 d6 3. Bb5+ Bd7 4. c4 Nc6 5. Nc3 e5 6. d3 Nge7 7. Nd5 Ng6 8. O-O Be7 9. b4 cxb4 10. a3 bxa3 11.
Bxa3 O-O 12. Re1 f5 13. exf5 Bxf5 14. Ne3 Be6 15. d4 Nxd4 16. Nxd4 exd4 17. Qxd4 Bf6 18. Qe4 Bf7 19. Rad1 a6 20. Ba4 Qa5 21. Bxd6 Rfd8 22. c5 Rac8 23. Rf1 b5 24. Bc2 Re8 25. Qd3 Rcd8 26. Bb3 Bxb3 27. Qxb3+ Kh8 28. Ng4 Qc3 29. Qa2 Bd4 30. Qxa6 b4 31. Qd3 Qxd3 32. Rxd3 Bxc5 33. Bxc5 Rxd3 34. Bxb4 Rd4 35. Ne3 Rxb4 0-1

[Event "*** MasterClass Titled Tuesday Blitz"]
[Site "Chess.com"]
[Date "2017.11.07"]
[Round "9"]
[White "Mistheoretical"]
[Black "Ilja_Semjonovs"]
[Result "0-1"]
[WhiteElo "2298"]
[BlackElo "2382"]
[TimeControl "180+2"]
[EndTime "16:06:55 PST"]
[Termination "Ilja_Semjonovs won on time"]

1. d4 Nf6 2. Bg5 e6 3. Nd2 c5 4.
e4 cxd4 5. e5 Qa5 6. Nf3 Ng4 7.
Bf4 Nc6 8. Qe2 Bb4 9. h3 Ngxe5 10. Nxe5 Nxe5 11. Bxe5 Bxd2+ 12. Kd1 d3 13. cxd3 Bh6 14. Bc3 Qb6 15. g3 f5 16. Bg2 f4 17. Qh5+ Ke7 18. Qh4+ Ke8 19. gxf4 Rf8 20. Qh5+ Ke7 21. Qh4+ Ke8 22.
Qh5+ Ke7 23. Qh4+ Ke8 24. Qh5+ Rf7 25. Rf1 d5 26. Kc2 Bd7 27. Rae1 Kf8 28. Re2 Rc8 29. Kd2 Bxf4+ 30. Kd1 Rxc3 0-1

[Event "*** MasterClass Titled Tuesday Blitz"]
[Site "Chess.com"]
[Date "2017.11.07"]
[Round "9"]
[White "Tarlev_Konstantin"]
[Black "ZapataCharlesS"]
[Result "0-1"]
[WhiteElo "2615"]
[BlackElo "2561"]
[TimeControl "180+2"]
[EndTime "16:07:05 PST"]
[Termination "ZapataCharlesS won by resignation"]

1. c4 Nf6 2. Nc3 e5 3. g3 Bc5 4. Bg2 O-O 5. e3 c6 6. Nge2 d5 7. cxd5 cxd5 8. d4 exd4 9. exd4 Bb6 10. Bg5 Be6 11. O-O Nc6 12. h3 h6 13. Be3 Re8 14.
Nf4 Qd7 15. Kh2 Ne7 16. Qd3 Nf5 17. Rfe1 Nxe3 18. Rxe3 Bf5 19. Rxe8+ Rxe8 20. Qd2 Ne4 21. Nxe4 dxe4 22. Rd1 g5 23. Ne2 Qd6 24. Nc3 Bg6 25.
Qe2 f5 26. Kg1 Kh7 27. g4 fxg4 28. hxg4 Bc7 29. Kf1 Qh2 30. Nd5 Bd8 31. Rc1 a6 32.
Qe3 Qd6 33. Qb3 Bf7 34. Qxb7 Qxd5 35. Qxa6 Qe6 36. Qb7 Re7 37. Qa8 Qd5 38. Qc8 Qxd4 39. Kg1 e3 40. fxe3 Qxe3+ 41. Kh1 Bc7 42. Qf5+ Bg6 0-1

[Event "*** MasterClass Titled Tuesday Blitz"]
[Site "Chess.com"]
[Date "2017.11.07"]
[Round "9"]
[White "VitaliyBernadskiy"]
[Black "GMKrikor"]
[Result "1/2-1/2"]
[WhiteElo "2575"]
[BlackElo "2607"]
[TimeControl "180+2"]
[EndTime "16:07:05 PST"]
[Termination "Game drawn - insufficient material"]

1. d4 Nf6 2. Nf3 e6 3. g3 b6 4.
Bg2 Bb7 5. O-O Be7 6. b3 O-O 7. c4 d6 8. Bb2 Nbd7 9. Qc2 c5 10. e3 cxd4 11. Bxd4 e5 12. Bb2 Rc8 13. Nc3 a6 14. Rad1 Qc7 15. Nh4 g6 16. Bxb7 Qxb7 17. Qe2 Rfd8 18.
Ng2 Ne4 19. Nd5 Bf8 20. f4 f5 21. g4 fxg4 22. Qxg4 Ndf6 23. Qe6+ Qf7 24. Nxf6+ Nxf6 25. Qxf7+ Kxf7 26. fxe5 dxe5 27. Rxd8 Rxd8 28. Bxe5 Be7 29. Nf4 Ng4 30. Bd4 Bc5 31. Nd3+ Ke6 32. h3 Bxd4 33. exd4 Rxd4 34. Nf4+ Ke5 35. Ne2 Rd2 36. Rf7 Ke6 37. Rb7 Rxe2 38. hxg4 Rxa2 39. Rxb6+ Ke5 40. c5 a5 41. Rb5 Kd5 42. Rb7 Kxc5 43. Rxh7 Ra3 44. Rb7 Kd4 45. Kf2 Kc3 46. Rb5 Rxb3 47. Rxa5 Kd4 48. Rg5 Ke4 49. Rxg6 Kf4 50. Kg2 Rg3+ 51. Kh2 Rxg4 52. Rxg4+ Kxg4 1/2-1/2

[Event "*** MasterClass Titled Tuesday Blitz"]
[Site "Chess.com"]
[Date "2017.11.07"]
[Round "9"]
[White "timator"]
[Black "florianschwabeneder"]
[Result "1-0"]
[WhiteElo "2428"]
[BlackElo "2420"]
[TimeControl "180+2"]
[EndTime "16:07:14 PST"]
[Termination "timator won by resignation"]

1. Nf3 Nf6 2. g3 b6 3. Bg2 Bb7 4. O-O c5 5. d3 d5 6. Nbd2 Qc8 7. Re1 e6 8. e3 Be7 9. e4 Nc6 10. exd5 Nxd5 11. Ne4 O-O 12. a3 Qd7 13. Bg5 Bxg5 14. Nexg5 Rfe8 15. Qe2 Nd4 16. Nxd4 cxd4 17. Qe4 g6 18.
Qxd4 Rad8 19. Ne4 f5 20. Qxd5 Bxd5 21. Nf6+ Kf7 22. Nxd7 Rxd7 23. Bxd5 Rxd5 24. Re2 Rc8 25. Rae1 Rc6 26. f4 Kf6 27. Kf2 h6 28. Ke3 g5 29.
Kd2 gxf4 30. gxf4 Rd4 31. Rf2 Rc7 32. Rg1 Rg7 33. Rxg7 Kxg7 34. Ke3 Rd7 35. Rg2+ Kf6 36. d4 b5 37. b3 a5 38. Kd3 b4 39. axb4 axb4 40.
c4 bxc3 41. Kxc3 Rc7+ 42. Kd3 Rc1 43. b4 Ke7 44. Rg6 Kd6 45. Rxh6 Rf1 46. Rh8 Rxf4 47. h4 Rf3+ 48. Kc4 Rh3 49. h5 f4 50. h6 f3 51.
Kd3 f2+ 52. Ke2 Rf3 53. Kf1 Kd5 54. h7 Ke4 55. Re8 1-0

[Event "*** MasterClass Titled Tuesday Blitz"]
[Site "Chess.com"]
[Date "2017.11.07"]
[Round "9"]
[White "Sanan_Sjugirov"]
[Black "krzyzan94"]
[Result "1-0"]
[WhiteElo "2668"]
[BlackElo "2592"]
[TimeControl "180+2"]
[EndTime "16:07:28 PST"]
[Termination "Sanan_Sjugirov won by checkmate"]

1. Nf3 Nf6 2. c4 g6 3. Nc3 Bg7 4. e4 d6 5. d4 O-O 6. Be2 e5 7. Be3 Ng4 8. Bg5 f6 9. Bh4 g5 10. Bg3 Nh6 11. dxe5 fxe5 12. c5 Kh8 13. cxd6 cxd6 14.
h4 g4 15. Ng5 Nc6 16. O-O Nd4 17. Bc4 Bf6 18. Qd2 Rb8 19. Nb5 Nxb5 20. Bxb5 Bxg5 21.
hxg5 Nf7 22. Bh4 h6 23. f4 exf4 24. Qxf4 hxg5 25. Bxg5 Qb6+ 26. Kh2 Qxb5 27. Bf6+ Kg8 28. Rad1 Qh5+ 29. Kg3 Be6 30. Rh1 Qg6 31. Rh4 Ng5 32. Rh8+ Kf7 33. Be5+ Ke7 34. Bxd6+ Kd7 35. Bxb8+ Kc6 36.
Qc7+ Kb5 37. Qxb7+ Ka5 38. Bc7+ Ka4 39. Rd4+ Bc4 40. Rxc4# 1-0

[Event "*** MasterClass Titled Tuesday Blitz"]
[Site "Chess.com"]
[Date "2017.11.07"]
[Round "9"]
[White "Hanging_pointer"]
[Black "Hasangatin_Ramil"]
[Result "0-1"]
[WhiteElo "2334"]
[BlackElo "2449"]
[TimeControl "180+2"]
[EndTime "16:07:41 PST"]
[Termination "Hasangatin_Ramil won by checkmate"]

1. e4 d5 2. exd5 Qxd5 3. Nc3 Qd6 4. d4 Nf6 5. Nf3 c6 6. g3 Bg4 7. Bg2 e6 8. O-O Qc7 9. h3 Bxf3 10. Qxf3 Nbd7 11. Ne4 Nxe4 12. Qxe4 Nf6 13. Qe2 Bd6 14. c3 O-O 15. Bg5 Nd7 16. a4 Rfe8 17. a5 e5 18. d5 e4 19. dxc6 Qxc6 20. a6 b5 21. Rfe1 f5 22.
g4 Qc5 23. gxf5 Qxf5 24. Qg4 Qe5 25. Rxe4 Qh2+ 26. Kf1 Ne5 27. Qe2 Rf8 28. Rd1 Bc5 29.
Bf4 Rxf4 30. Rxf4 Qxf4 31. Bxa8 g6 32. Bg2 Kg7 33. b4 Bb6 34. Re1 Nd3 35. Qe7+ Kh6 36. Re2 Qc1+ 37. Re1 Qf4 38. Re2 Nxf2 39. Ke1 Qc1# 0-1

[Event "*** MasterClass Titled Tuesday Blitz"]
[Site "Chess.com"]
[Date "2017.11.07"]
[Round "9"]
[White "Man-Chuk"]
[Black "Bryakin_Mikhail"]
[Result "1-0"]
[WhiteElo "2625"]
[BlackElo "2510"]
[TimeControl "180+2"]
[EndTime "16:07:45 PST"]
[Termination "Man-Chuk won by resignation"]

1. d4 d5 2. Bf4 Nf6 3. e3 c5 4. c3 Nc6 5. Nd2 Qb6 6. Qb3 g6 7. Ngf3 Bg7 8. h3 O-O 9. Be2 c4 10. Qxb6 axb6 11. a3 b5 12. O-O h6 13. Bh2 g5 14.
Rfe1 Bf5 15. Rac1 e6 16. Bd1 Rfe8 17. Ne5 Nxe5 18. Bxe5 Nd7 19. Bxg7 Kxg7 20. e4 Bg6 21. Bc2 Nb6 22. g3 Na4 23. Bxa4 bxa4 24. Re2 Rac8 25. Rce1 Red8 26. exd5 Rxd5 27. Re5 Kf6 28. Ne4+ Kg7 29. Nc5 Rxe5 30. Rxe5 b5 31. Na6 Rc6 32. Nb4 Rb6 33. f3 Kf6 34. Kf2 Rb7 35. Rc5 Bf5 36.
g4 Bb1 37. Rc6 Bg6 38. Kg3 h5 39. Rc5 hxg4 40. hxg4 Bb1 41. Kf2 Kg6 42. Ke3 Kf6 43. Rc8 Bg6 44. Nc6 Bc2 45. Ne5 Kg7 46. Rd8 Kf6 47.
Nc6 Bd3 48. Rg8 Bg6 49. f4 gxf4+ 50. Kxf4 e5+ 51. dxe5+ Ke6 52. Nd8+ 1-0

[Event "*** MasterClass Titled Tuesday Blitz"]
[Site "Chess.com"]
[Date "2017.11.07"]
[Round "9"]
[White "rpragchess"]
[Black "dretch"]
[Result "0-1"]
[WhiteElo "2297"]
[BlackElo "2600"]
[TimeControl "180+2"]
[EndTime "16:07:45 PST"]
[Termination "dretch won by resignation"]

1. e4 e6 2. d3 d5 3. Qe2 Nc6 4. Nf3 dxe4 5. dxe4 e5 6. c3 Bd6 7. Qc2 Nf6 8. Nbd2 O-O 9. Be2 Bg4 10. O-O Ne7 11.
Nc4 Ng6 12. Rd1 Qe7 13. Ne3 Nf4 14. Nxg4 Nxg4 15. h3 Nxe2+ 16. Qxe2 Nf6 17. Nh4 g6 18.
Bg5 Qe6 19. Nf3 Nd7 20. Nd2 Nb6 21. a4 a5 22. Be3 Be7 23. Qb5 Ra6 24. Bxb6 Rxb6 25.
Qxa5 Rxb2 26. Qxc7 Rc8 27. Qa5 Rc5 28. Qa8+ Kg7 29.
Rab1 Rxb1 30. Rxb1 Rxc3 31. Qxb7 Rc2 32. Rb6 Bd6 33.
Qd5 Qxd5 34. exd5 Bc5 35. Rb5 Bd4 36. Ne4 f5 37. Rb7+ Kh6 38. Nf6 e4 39. Rxh7+ Kg5 40. Ne8 Bxf2+ 41. Kh2 Kf4 42. h4 Bg3+ 43. Kh3 Rc1 0-1

[Event "*** MasterClass Titled Tuesday Blitz"]
[Site "Chess.com"]
[Date "2017.11.07"]
[Round "9"]
[White "Koksik_13"]
[Black "Rhinos1"]
[Result "1-0"]
[WhiteElo "2141"]
[BlackElo "2058"]
[TimeControl "180+2"]
[EndTime "16:07:46 PST"]
[Termination "Koksik_13 won by checkmate"]

1. e4 e5 2. Nf3 Nc6 3. Nc3 Nf6 4. Bb5 d6 5. d4 Bd7 6. O-O Be7 7. dxe5 Nxe5 8.
Bxd7+ Nexd7 9. Nd4 O-O 10. Nf5 Re8 11. Bg5 Ne5 12. Nxe7+ Qxe7 13. Nd5 Qd8 14. f4 Ned7 15. e5 dxe5 16. fxe5 Rxe5 17. Bxf6 Nxf6 18. Nxf6+ gxf6 19. Qf3 Qd4+ 20. Kh1 Rg5 21. c3 Qb6 22. b3 Re8 23. Rae1 Rxe1 24. Rxe1 Rg6 25. h3 Qd6 26. Rd1 Qg3 27.
Qxg3 Rxg3 28. c4 Rc3 29. Rd7 Rc2 30. Rxc7 Rxa2 31. Rxb7 a5 32. c5 Rb2 33. Rb5 Ra2 34. Rb7 Rc2 35. Rb5 Ra2 36. Kh2 a4 37. b4 Rb2 38. c6 Rc2 39. Rc5 Rb2 40. c7 Rxb4 41.
c8=Q+ Kg7 42. Qg4+ Rxg4 43. hxg4 Kg6 44. Ra5 h6 45.
Rxa4 Kg5 46. Kg3 f5 47. Ra5 f6 48. Rxf5+ Kg6 49. Kh4 h5 50. Rxh5 Kf7 51. Kg3 Kg7 52.
Kf4 Kg6 53. Ke4 Kf7 54. Kf5 Kg7 55. Rh4 Kg8 56. Kxf6 Kf8 57. Rh8# 1-0

[Event "*** MasterClass Titled Tuesday Blitz"]
[Site "Chess.com"]
[Date "2017.11.07"]
[Round "9"]
[White "AttilaTurzo"]
[Black "Swarnapuri"]
[Result "1-0"]
[WhiteElo "2382"]
[BlackElo "2471"]
[TimeControl "180+2"]
[EndTime "16:07:46 PST"]
[Termination "AttilaTurzo won by checkmate"]

1. d4 Nc6 2. Bf4 d6 3. Nf3 g6 4. Nc3 Bg7 5. e4 Bg4 6. Be3 e5 7. d5 Nd4 8. Be2 Nxe2 9. Qxe2 Bd7 10. Nd2 Ne7 11. O-O O-O 12. f3 f5 13. g4 Kh8 14. Kh1 Ng8 15. gxf5 gxf5 16. exf5 Ne7 17. Bg5 Qe8 18. Bxe7 Qxe7 19. Nce4 Rxf5 20. Ng3 Rf7 21. Nde4 Raf8 22. Qe3 Bh3 23. Rf2 Qh4 24. c4 Bh6 25.
Qd3 Bf4 26. Rg1 Bd7 27. b4 Rg7 28. c5 Rfg8 29. Ne2 Rxg1+ 30. Nxg1 Bf5 31. Qe2 Qh5 32. Rg2 Rg6 33. Rxg6 hxg6 34. cxd6 cxd6 35. Nxd6 Bd3 36. Qg2 Kh7 37. Ne4 Kh6 38. Nh3 Be3 39. Nhf2 Kg7 40.
Nxd3 Bd4 41. Qg4 Qh6 42. Ng5 Qh8 43. Qd7+ Kf6 44. Ne4# 1-0

[Event "*** MasterClass Titled Tuesday Blitz"]
[Site "Chess.com"]
[Date "2017.11.07"]
[Round "9"]
[White "lukas_111111"]
[Black "Khamrakulov_Djurabek"]
[Result "0-1"]
[WhiteElo "2369"]
[BlackElo "2640"]
[TimeControl "180+2"]
[EndTime "16:07:47 PST"]
[Termination "Khamrakulov_Djurabek won by resignation"]

1. e4 c6 2. d4 d5 3. e5 Bf5 4.
Nd2 e6 5. Nb3 Nd7 6. Nf3 a6 7. Be2 c5 8. c3 Ne7 9. O-O Nc6 10. Be3 Be7 11. Nxc5 Bxc5 12. dxc5 Ndxe5 13. Nxe5 Nxe5 14. Bd4 f6 15. Bxe5 fxe5 16. Bh5+ g6 17. Be2 h5 18. Qd2 Qe7 19. Qe3 e4 20. b4 O-O 21. f3 Qg7 22. fxe4 Bxe4 23. Bf3 Bxf3 24. Qxe6+ Kh8 25. Rxf3 Rxf3 26. gxf3 Qxc3 27. Re1 Qxf3 28.
Rf1 Qc3 29. Qxd5 Re8 30. Qf7 Qd4+ 31. Kh1 Qe4+ 32. Kg1 h4 33. Qf6+ Kh7 34. Qf7+ Kh6 35. Qf4+ Kh5 36. Qf7 Qg4+ 37. Kh1 h3 38. Qf2 Re2 39. Qf3 Qxf3+ 40. Rxf3 Re1+ 0-1

[Event "*** MasterClass Titled Tuesday Blitz"]
[Site "Chess.com"]
[Date "2017.11.07"]
[Round "9"]
[White "ValeriyGrinev"]
[Black "hypert"]
[Result "1-0"]
[WhiteElo "2429"]
[BlackElo "2320"]
[TimeControl "180+2"]
[EndTime "16:07:49 PST"]
[Termination "ValeriyGrinev won on time"]

1. d4 Nf6 2. c4 e6 3. Nc3 Bb4 4. e3 d5 5. a3 Be7 6. b4 dxc4 7. Bxc4 b6 8. Qf3 c6 9. Nge2 O-O 10. e4 Bb7 11. e5 Nd5 12. O-O c5 13. Bxd5 Bxd5 14.
Nxd5 Qxd5 15. Qxd5 exd5 16. bxc5 bxc5 17. dxc5 Bxc5 18.
Bb2 Nd7 19. Rfd1 Nb6 20. Bd4 Rfc8 21. Bxc5 Rxc5 22. Nd4 Rac8 23. f4 Rc3 24. a4 g6 25.
a5 Nc4 26. Nb5 Rc2 27. Nxa7 Ra8 28. Nb5 Ne3 29. Rdc1 Rxg2+ 30. Kh1 Rb2 31. Nc7 Ra7 32. a6 Nc2 33. Ra5 d4 34. Nb5 Ra8 35. a7 d3 36. Nc7 Rxa7 37. Rxa7 d2 38. Rg1 Ne3 39. Ra8+ Kg7 40. Rd8 Rc2 41. Ne8+ Kh6 42. Nf6 g5 43.
fxg5+ Kg6 44. Rd3 d1=Q 45. Rdxd1 Nxd1 46. Rxd1 Kxg5 47. Nxh7+ Kf5 48. Rf1+ Kg6 49. e6 fxe6 50. Nf8+ Kg5 51. Nxe6+ Kg4 52. Rf4+ Kh5 53. Nd4 Rc1+ 54.
Kg2 Rc3 55. Nf3 Kh6 56. Kg3 Kh5 57. h4 Kh6 58. Rf5 Kg6 59. Rg5+ Kh6 60. Ra5 Rc1 61. Ra4 Kg6 62. Kg4 Kh6 63. Ra6+ Kh7 64. Ng5+ Kg7 65. Ra7+ Kh6 66. Rh7+ Kg6 67. h5+ Kf6 68. Rf7+ Ke5 69. Rf5+ Kd6 70. h6 Rh1 71. h7 Ke7 72. Rf7+ Ke8 73.
Rg7 1-0

[Event "*** MasterClass Titled Tuesday Blitz"]
[Site "Chess.com"]
[Date "2017.11.07"]
[Round "9"]
[White "Fy_Rakotomaharo"]
[Black "nubair1198"]
[Result "0-1"]
[WhiteElo "2457"]
[BlackElo "2559"]
[TimeControl "180+2"]
[EndTime "16:07:55 PST"]
[Termination "nubair1198 won by resignation"]

1. e4 c6 2. d4 d5 3. e5 c5 4.
dxc5 e6 5. a3 Nc6 6. b4 Nxe5 7.
Bb2 Ng6 8. Nf3 Nf6 9. h4 h5 10. Ng5 Ng4 11. Nd2 Nxh4 12. Bb5+ Bd7 13. Bxd7+ Kxd7 14. Nxf7 Nxg2+ 15. Kf1 Qe7 16. Kxg2 Qxf7 17. Qf3 Qg6 18. Qd3 Qg5 19. Kf1 Qf4 20. Nf3 Be7 21. Re1 Rhf8 22. Rh3 a6 23. Bxg7 Rf5 24. c4 Rg8 25.
Bc3 Qxf3 26. Rxf3 Rxf3 27. Qh7 Rxf2+ 28. Kg1 Rff8 29. Bg7 Nf6 30. Qh6 Rf7 31. c6+ bxc6 32.
cxd5 Rfxg7+ 33. Kf1 Rg1+ 34. Ke2 R8g2+ 35. Kd1 cxd5 36.
Rxg1 Rxg1+ 37. Kc2 Rg2+ 38. Kb3 e5 39. Qe3 Ne4 40.
Qa7+ Ke6 41. Qxa6+ Bd6 42. Qf1 Nd2+ 0-1

[Event "*** MasterClass Titled Tuesday Blitz"]
[Site "Chess.com"]
[Date "2017.11.07"]
[Round "9"]
[White "Margency"]
[Black "PositionalGenius"]
[Result "1-0"]
[WhiteElo "2501"]
[BlackElo "2400"]
[TimeControl "180+2"]
[EndTime "16:07:59 PST"]
[Termination "Margency won by resignation"]

1. d4 Nf6 2. c4 e6 3. Nc3 Bb4 4. e3 O-O 5. Ne2 d5 6. a3 Be7 7. cxd5 exd5 8. Ng3 Re8 9. Bd3 Bf8 10.
O-O Nbd7 11. b4 c6 12. Bd2 a5 13. b5 c5 14. dxc5 Nxc5 15. Bf5 d4 16. exd4 Qxd4 17.
Nge2 Qd8 18. Bxc8 Rxc8 19. Bg5 Qxd1 20. Rfxd1 Nfe4 21. Nxe4 Nxe4 22. Be3 Nc3 23. Nxc3 Rxc3 24. a4 Rec8 25. g3 Bc5 26. Rac1 Rxc1 27. Rxc1 b6 28. Kg2 Kf8 29. Kf3 Ke7 30. Bxc5+ bxc5 31. Ke4 Kd6 32. Kd3 Kd5 33. Kc3 c4 34. Rd1+ Ke6 35.
Rd4 Kf6 36. Rxc4 Rd8 37. Rc6+ Ke5 38. Rc7 Ke6 39. b6 Rb8 40. b7 g6 41. Kc4 Kd6 42.
Rxf7 h6 43. Kb5 Kd5 44. Kb6 Kd6 45. Rc7 g5 46. Rc8 1-0